 Dungeon Crawl Stone Soup version 0.29-a0-304-gb34f9e133a (webtiles) character file.

Game seed: 4626261944477856881

37 sanka the Ruffian (level 3, 0/35 HPs)
             Began as a Gnoll Cinder Acolyte on Mar 26, 2022.
             Was a High Priest of Ignis.
             Slain by Natasha (3 damage)
             ... on level 1 of the Dungeon.
             The game lasted 00:01:24 (1480 turns).

sanka the Ruffian (Gnoll Cinder Acolyte)            Turns: 1480, Time: 00:01:24

Health: 0/35       AC:  2    Str: 13    XL:     3   Next: 41%
Magic:  1/7        EV: 11    Int: 13    God:    Ignis [*****.]
Gold:   55         SH:  0    Dex:  9    Spells: 5/7 levels left

rFire   + . .      SeeInvis .     - Unarmed
rCold   . . .      Faith    .   (no shield)
rNeg    . . .      Spirit   .   a - +0 robe
rPois   .          Reflect  .   (no helmet)
rElec   .          Harm     .   (no cloak)
rCorr   .          Rampage  .   (no gloves)
Will    .....                   (no boots)
Stlth   +.........              (no amulet)
HPRegen 0.11/turn               (no ring)
MPRegen 0.10/turn               (no ring)

@: no status effects
A: fangs 1, strong nose, distributed training
a: Renounce Religion, Fiery Armour, Foxfire Swarm, Rising Flame


You were on level 1 of the Dungeon.
You worshipped Ignis.
Ignis was extremely pleased with you.
You visited 1 branch of the dungeon, and saw 2 of its levels.

You collected 55 gold pieces.


Innate Abilities, Weirdness & Mutations

You have very sharp teeth.
Your uncanny sense of smell can sniff out nearby items.
Your experience applies equally to all skills.


   Skills:
 + Level 6.5 Fighting
 + Level 0.8 Short Blades
 + Level 0.8 Long Blades
 + Level 0.8 Axes
 + Level 0.8 Maces & Flails
 + Level 0.8 Polearms
 + Level 0.8 Staves
 + Level 0.8 Slings
 + Level 0.8 Bows
 + Level 0.8 Crossbows
 + Level 0.8 Throwing
 + Level 0.8 Armour
 + Level 0.8 Dodging
 + Level 0.8 Stealth
 + Level 0.8 Shields
 + Level 6.5 Unarmed Combat
 + Level 2.8 Spellcasting
 + Level 0.5 Conjurations
 + Level 0.5 Hexes
 + Level 0.5 Summonings
 + Level 0.5 Necromancy
 + Level 0.5 Translocations
 + Level 0.5 Transmutations
 + Level 5.4 Fire Magic
 + Level 0.5 Ice Magic
 + Level 0.5 Air Magic
 + Level 0.5 Earth Magic
 + Level 0.5 Poison Magic
 + Level 1.0 Invocations
 + Level 0.8 Evocations


You had 5 spell levels left.
You knew the following spells:

 Your Spells              Type           Power      Damage    Failure   Level
y - Scorch                Fire           30%        2d7       3%          2

Your spell library contained the following spells:

 Spells                   Type           Power      Damage    Failure   Level
 Ozocubu's Armour         Ice            3%         N/A       50%         3
 Metabolic Englaciation   Hex/Ice        1%         N/A       99%         5
 Simulacrum               Ice/Necr       1%         N/A       100%        6

Inventory:

Missiles
 e - 3 poisoned darts
Armour
 a - a +0 robe (worn)
Magical Staves
 b - a staff of death
 c - a staff of air
Scrolls
 d - a scroll of teleportation {unknown}

Dungeon Overview and Level Annotations

Branches:
Dungeon (2/15)

Altars:

Annotations:
D:1 Natasha

...................▒.....▒ ▒..
.▒.▒.▒▒▒▒▒▒........▒.▒▒▒.▒ ▒.▒
▒.▒.▒.....(...▒▒▒▒▒▒.▒ ▒.▒ ▒.▒
.▒.▒.▒.▒..▒.▒.▒▒▒▒▒▒.▒ ▒.▒▒▒▒▒▒.▒
▒.▒.▒..▒▒..........▒.▒▒▒.▒......▒
.▒<▒.▒................▒....▒▒▒▒▒▒
▒.▒.▒..▒▒.▒.▒▒▒▒▒▒.▒..▒..▒▒▒▒▒▒▒▒
.▒.▒.▒▒▒▒.▒.▒...†▒.▒.............
▒.▒.▒.▒ ▒.▒.▒.)▒g▒.▒..▒.▒▒▒▒▒▒▒▒.
▒▒▒▒▒▒▒▒▒.▒.▒....h.▒..▒........▒.
▒.........▒.▒....▒▒▒..▒..▒▒▒▒▒.▒.
▒.........▒.▒▒▒▒▒▒▒▒..▒..▒..▒....
..........▒.......÷...▒..▒..▒...▒
▒▒▒.▒.....▒.▒▒▒▒▒...▒.▒..▒......▒
..▒.▒.▒▒▒▒▒.▒ ▒...▒.▒..........
▒.....▒▒▒▒▒.▒▒▒▒▒...▒.▒▒.▒.....▒▒
▒.....▒...▒.........+.▒▒.▒▒▒.....


You could see Natasha (combustible).


Message History

You kill the goblin!
The quokka bites you. The quokka closely misses you. Natasha claws you!
The quokka bites you.
You climb upwards.
There is a stone staircase leading down here.
Unknown command.
You hit the quokka.
The quokka is almost dead.
The quokka is no longer more vulnerable to fire.
Natasha claws you but does no damage. The quokka bites you.
You hit the quokka.
You kill the quokka!
Natasha claws you!
* * * LOW HITPOINT WARNING * * *
Your Invocations skill increases to level 1!
Flames lash Natasha.
Natasha is heavily wounded.
Natasha's fire resistance burns away.
Natasha stares at you and mumbles some strange words.
The magic dart hits you!
* * * LOW HITPOINT WARNING * * *
You don't have enough magic to cast this spell.
Unknown command.
You hit Natasha but do no damage.
Natasha is heavily wounded.
Natasha claws you.
You die...

Action                   || total
-------------------------++-------
Melee: Unarmed           ||    67
       Bite              ||     4
       Punch             ||     2
 Cast: Scorch            ||    12
Armor: Robe              ||    15
Dodge: Dodged            ||    60

Levels and vault maps discovered:
D:1:      lightli_arrival_chessboard, layout_basic,
          minmay_misc_feat_secret_circle
D:2:      layout_loops_cross, shapermc_ecumenical_altar_starsandcircs,
          minmay_tiny_reverse_x, uniq_natasha, uniq_crazy_yiuf_cottage

Notes
Turn   | Place    | Note
-------+----------+-------------------------------------------
     0 | D:1      | sanka the Gnoll Cinder Acolyte began the quest for the Orb.
     0 | D:1      | Reached XP level 1. HP: 23/23 MP: 4/4
   206 | D:1      | Reached XP level 2. HP: 25/29 MP: 5/5
   247 | D:1      | Learned a level 2 spell: Scorch
   744 | D:1      | Reached XP level 3. HP: 34/35 MP: 7/7
  1453 | D:2      | Noticed Natasha
  1479 | D:1      | Reached skill level 1 in Invocations
  1479 | D:1      | HP: 3/35 [Natasha/magic dart (9)]
  1480 | D:1      | Slain by Natasha

Vanquished Creatures
  A gnoll (D:1)
  An endoplasm (D:1)
  A giant cockroach (D:1)
  4 hobgoblins
  2 jackals (D:2)
  A quokka (D:1)
  5 ball pythons (D:1)
  4 bats (D:1)
  3 goblins
  A kobold (D:1)
  5 rats (D:1)
28 creatures vanquished.
